 Dungeon Crawl Stone Soup version 0.28.0-43-g3370ac3207 (webtiles) character file.

Game seed: 5361079096152236347

2706 sking99 the Grappler (level 9, -3/63 HPs)
             Began as an Octopode Cinder Acolyte on Mar 17, 2022.
             Was an Elder of Ignis.
             Slain by Joseph
             ... wielding a +0 quarterstaff
              (5 damage)
             ... on level 8 of the Dungeon.
             The game lasted 00:08:54 (9529 turns).

sking99 the Grappler (Octopode Cinder Acolyte)      Turns: 9529, Time: 00:08:55

Health: -3/63      AC:  8    Str: 17    XL:     9   Next: 65%
Magic:  10/10      EV: 13    Int: 23    God:    Ignis [****..]
Gold:   462        SH:  4    Dex:  7    Spells: 10/10 levels left

rFire   + . .      SeeInvis .     - Unarmed
rCold   . . .      Faith    .   m - +0 buckler
rNeg    + . .      Spirit   .   (helmet restricted)
rPois   .          Reflect  .   (no amulet)
rElec   .          Harm     .   h - ring of positive energy
rCorr   .          Rampage  .   c - +6 ring of intelligence
Will    .....                   (no ring)
Stlth   ++........              (no ring)
HPRegen 0.20/turn               (no ring)
MPRegen 0.12/turn               (no ring)
                                (no ring)
                                (no ring)

@: rising, fiery-armoured, flying
A: almost no armour, amphibious, 8 rings, camouflage 1, gelatinous body 1,
(nimble swimmer 1), tentacles
a: Renounce Religion, Fiery Armour, Foxfire Swarm


You were on level 8 of the Dungeon.
You worshipped Ignis.
Ignis was greatly pleased with you.
You visited 2 branches of the dungeon, and saw 9 of its levels.

You collected 583 gold pieces.
You spent 121 gold pieces at shops.

Inventory:

Missiles
 f - 2 throwing nets (quivered)
Armour
 m - a +0 buckler (worn)
Jewellery
 b - an amulet of magic regeneration
 c - a +6 ring of intelligence (right tentacle)
 g - a ring of positive energy
 h - a ring of positive energy (left tentacle)
Wands
 a - a wand of acid (3)
 n - a wand of mindburst (10)
 p - a wand of polymorph (17)
 r - a wand of flame (40)
Scrolls
 l - a scroll of enchant armour
Potions
 d - 2 potions of resistance
 e - a potion of lignification {unknown}
 i - 3 potions of might
 j - 3 potions of heal wounds
 k - a potion of attraction
 o - a potion of haste


   Skills:
 + Level 6.9 Fighting
 + Level 6.1 Dodging
 + Level 2.9 Shields
 * Level 9.4 Unarmed Combat
 - Level 1.0 Spellcasting
 - Level 3.0 Fire Magic


You had 10 spell levels left.
You didn't know any spells.
Your spell library contained the following spells:

 Spells                   Type           Power      Damage    Failure   Level
 Scorch                   Fire           28%        2d6       9%          2
 Beastly Appendage        Tmut           2%         N/A       19%         1
 Magic Dart               Conj           4%         1d3       19%         1
 Searing Ray              Conj           2%         2d4       28%         2
 Wereblood                Tmut           1%         N/A       28%         2
 Conjure Flame            Conj/Fire      8%         6-21      30%         3
 Ignite Poison            Fire/Tmut/Pois 5%         N/A       36%         3
 Spider Form              Tmut/Pois      1%         N/A       50%         3
 Sticky Flame             Conj/Fire      8%         2d3       69%         4
 Fulminant Prism          Conj/Hex       0%         3d6       88%         4
 Hailstorm                Conj/Ice       1%         3d3       88%         4
 Ice Form                 Ice/Tmut       1%         N/A       88%         4
 Simulacrum               Ice/Necr       0%         N/A       100%        6


Dungeon Overview and Level Annotations

Branches:
Dungeon (8/15)             Temple (1/1) D:7
   Lair: D:8-11

Altars:
Ashenzari
Cheibriados
Dithmenos
Elyvilon
Fedhas
Gozag
Hepliaklqana
Kikubaaqudgha
Makhleb
Nemelex Xobeh
Okawaru
Qazlal
Ru
Sif Muna
Trog
Uskayaw
Vehumet
Wu Jian
Xom
Yredelemnul
Zin
The Shining One
Beogh

Shops:
D:3 (   D:6 [   D:8 *

Annotations:
D:4 3 runed translucent doors, Olga's ghost, amateur DECj
D:7 2 transporters, Grum; fgae53's ghost, novice TrHu
D:8 Joseph


Innate Abilities, Weirdness & Mutations

You cannot wear most types of armour.
You are amphibious.
You can wear up to eight rings at the same time.
Your skin changes colour to match your surroundings (Stealth+).
Your rubbery body absorbs attacks. (AC +1, EV +1)
((You are camouflaged when in or above water. (Stealth+)))
You have tentacles for arms and can constrict up to eight enemies at once.


Message History

You tentacle-slap the centaur.
Your tentacle-slap misses the centaur.
You squeeze the centaur.
The centaur is moderately wounded.
The gnoll hits you with a +0 flail! The centaur closely misses you.
The centaur misses you.
Unknown command.
A protective cloak of flame settles atop you.
The centaur hits you.
The centaur is burned by your cloak of flames.
The centaur is moderately wounded.
The centaur misses you. The gnoll closely misses you.
The gnoll sergeant hits you from afar with a +0 spear.
You barely miss the centaur. You squeeze the centaur!
The centaur is almost dead.
The centaur hits you.
* * * LOW HITPOINT WARNING * * *
The centaur is burned by your cloak of flames.
You kill the centaur!
Joseph zaps a wand.
The puff of flame hits you. You resist.
* * * LOW HITPOINT WARNING * * *
The gnoll barely misses you.
You begin to rise into the air.
The gnoll sergeant hits you from afar with a +0 spear.
* * * LOW HITPOINT WARNING * * *
Joseph zaps a wand.
The puff of flame hits you. You resist.
* * * LOW HITPOINT WARNING * * *
The gnoll hits you with a +0 flail!
* * * LOW HITPOINT WARNING * * *
The gnoll is burned by your cloak of flames.
The gnoll is moderately wounded.
Joseph hits you but does no damage.
Joseph is burned by your cloak of flames.
Joseph is lightly wounded.
A gnoll comes into view. It is wielding a +4 halberd.
Unknown command.
You tentacle-slap Joseph. You grab Joseph.
You squeeze Joseph, but do no damage.
Joseph is lightly wounded.
You constrict Joseph. Joseph hits you with a +0 quarterstaff.
You die...

#.. #.. #... #.#
#.... #.# #....##
#.# ...g..@###.#
#)@##.#
##.##.#####.#
#g.#.......#
#####g...######.
'.g........'......
#....g##...#.##.#.
#.....##..##.# .#.##
#.....###.##.##.....
#...g.##............


You could see Joseph, a gnoll sergeant and 2 gnolls.

Vanquished Creatures
  Pikel (D:6)
  Sigmund (D:2)
  A steam dragon (D:8)
  Edmund (D:6)
  2 water moccasins
  3 ogres
  3 centaurs
  Blork the orc (D:6)
  3 bullfrogs
  3 scorpions
  4 howler monkeys
  4 jellies
  An orc priest (D:6)
  A hound (D:7)
  A centaur skeleton (D:3)
  Terence (D:2)
  3 iguanas
  2 orc wizards
  A killer bee zombie (D:5)
  A hound skeleton (D:5)
  5 adders
  3 gnolls (D:6)
  A howler monkey skeleton (D:7)
  A shadow imp (D:7)
  A white imp (D:8)
  2 ufetubi
  An adder skeleton (D:4)
  3 worms
  A dart slug (D:2)
  10 orcs
  6 endoplasms
  5 giant cockroaches
  5 goblins
  8 hobgoblins
  6 quokkas
  3 ball pythons
  3 bats
  4 frilled lizards
  6 kobolds
  2 rats
114 creatures vanquished.

Vanquished Creatures (others)
  An orc wizard (D:6)
  10 foxfires (D:2)
  2 fungi (D:1)
  6 plants (D:7)
  3 toadstools (D:1)
22 creatures vanquished.

Grand Total: 136 creatures vanquished

Notes
Turn   | Place    | Note
-------+----------+-------------------------------------------
     0 | D:1      | sking99 the Octopode Cinder Acolyte began the quest for the
                  | Orb.
     0 | D:1      | Reached XP level 1. HP: 16/16 MP: 2/2
   162 | D:1      | Reached XP level 2. HP: 21/21 MP: 3/3
   926 | D:2      | Reached skill level 1 in Dodging
   928 | D:2      | Reached XP level 3. HP: 22/26 MP: 4/4
  1058 | D:2      | Found a faded altar of an unknown god.
  1456 | D:2      | Noticed Sigmund
  1456 | D:2      | Noticed Terence
  1460 | D:2      | Killed Sigmund
  1461 | D:2      | Reached skill level 4 in Unarmed Combat
  1461 | D:2      | Reached XP level 4. HP: 33/33 MP: 5/5
  1461 | D:2      | Reached XP level 5. HP: 37/37 MP: 6/6
  1465 | D:2      | Killed Terence
  1466 | D:2      | Reached skill level 5 in Unarmed Combat
  1530 | D:2      | Reached XP level 6. HP: 40/43 MP: 7/7
  2173 | D:3      | Found a hide-covered altar of Uskayaw.
  2485 | D:3      | Found Heclid's Weapon Shop.
  3495 | D:4      | Reached XP level 7. HP: 49/49 MP: 8/8
  3982 | D:4      | Reached skill level 6 in Unarmed Combat
  4112 | D:4      | Noticed Olga's ghost (amateur DECj)
  4113 | D:4      | Found a runed translucent gate.
  4113 | D:4      | Found a runed translucent gate.
  4113 | D:4      | Found a runed translucent gate.
  4114 | D:4      | Identified the +8 spear "Moerchumm" {venom, MP+9}
  4426 | D:5      | Entered Level 5 of the Dungeon
  4871 | D:5      | Identified the +8 whip of Wyrd {antimagic, rC+}
  5439 | D:6      | Reached skill level 5 in Fighting
  5629 | D:6      | Noticed Blork the orc
  6051 | D:6      | Noticed Pikel
  6062 | D:6      | HP: 1/50 [Pikel/bolt of acid (15)]
  6064 | D:6      | Killed Pikel
  6065 | D:6      | Reached skill level 7 in Unarmed Combat
  6065 | D:6      | Reached XP level 8. HP: 11/57 MP: 9/9
  6407 | D:6      | Found Rugac's Antique Armour Boutique.
  6436 | D:6      | Reached skill level 5 in Dodging
  6436 | D:6      | Reached skill level 8 in Unarmed Combat
  6833 | D:6      | Bought a buckler for 121 gold pieces
  6916 | D:6      | Killed Blork the orc
  6937 | D:6      | Noticed Edmund
  6947 | D:6      | Killed Edmund
  6948 | D:6      | Reached skill level 1 in Shields
  6948 | D:6      | Reached XP level 9. HP: 62/62 MP: 10/10
  7752 | D:7      | Found a staircase to the Ecumenical Temple.
  7823 | D:7      | Reached skill level 9 in Unarmed Combat
  7959 | Temple   | Entered the Ecumenical Temple
  8545 | D:7      | Found a transporter.
  8547 | D:7      | Identified the +8 scale mail of Unreason {*Slow Will+
                  | Regen+ Slay+6}
  8547 | D:7      | Identified the +2 kite shield "Fiysea" {Regen+ Str-5 Dex+3
                  | SInv}
  8550 | D:7      | Identified the ring of Uning {Fly Slay+3}
  8556 | D:7      | Noticed fgae53's ghost (novice TrHu)
  8600 | D:7      | Noticed Grum
  8613 | D:7      | Found a transporter.
  9314 | D:8      | Found Mapanunta's Assorted Antiques.
  9522 | D:8      | Noticed Joseph
  9527 | D:8      | HP: 2/63 [gnoll/+0 flail (7)]
  9529 | D:8      | Slain by Joseph

Illustrated notes

Levels and vault maps discovered:
D:1:      evilmike_arrival_rings, layout_basic, kennysheep_doodads, st_stairs_8,
          grunt_decor_resistance, minmay_gold_behind_fungi
D:2:      layout_loops_corners, dreamdust_ecumenical_altar_statues,
          hangedman_glass_teeth, minmay_heptomino_o4, uniq_sigmund, uniq_terence
D:3:      layout_basic, eat_drink_and_be_merry_uskayaw, serial_shops,
          nicolae_shop_statue_plus
D:4:      minmay_diamond_boxcup, layout_loops_ring, biasface_ghost_orc_armoury,
          minmay_goblin_kobold_house
D:5:      layout_loops_ring, serial_co_window_serial, co_window_corner_a,
          co_window_paths_b, co_window_paths_b, co_window_of_opportunity_a,
          co_window_paths_a, co_window_broadway_b, co_window_broadway_a,
          co_window_paths_c, glass_columns_a, glass_columns_a, glass_columns_b,
          glass_columns_c, glass_columns_a
D:6:      layout_basic, serial_shops, nicolae_shop_statue_plus, uniq_edmund,
          uniq_pikel, uniq_blork_the_orc
D:7:      layout_loops_ring, minmay_temple_entry_statues_fountains,
          gammafunk_ghost_gnarly_gnolls
D:8:      minmay_clustersquares, layout_basic, serial_shops,
          nicolae_shop_advertising_works [nicolae_subvault_shop_adworks],
          minmay_statues_item, nicolae_figureground_sparkle, uniq_joseph
Temple:   mainiacjoe_temple_starburst

Skill      XL: |  1  2  3  4  5  6  7  8  9 |
---------------+----------------------------+-----
Dodging        | 1 2 3 4 5 6 |  6.1
Fighting       | 4 5 6 |  6.9
Unarmed Combat | 4 5 7 8 9 |  9.4
Shields        | 1 2 |  2.9
Spellcasting   | |  1.0
Fire Magic     | |  3.0

Action                   |  1- 3 |  4- 6 |  7- 9 || total
-------------------------+-------+-------+-------++-------
Melee: Unarmed           |    63 |    66 |   193 ||   322
       Constrict         |    17 |    11 |    29 ||    57
       Tentacles         |    12 |    15 |    49 ||    76
       Punch             |     1 |     3 |    11 ||    15
Invok: Foxfire Swarm     |     1 |       |       ||     1
       Fiery Armour      |       |       |     3 ||     3
       Rising Flame      |       |       |     1 ||     1
  Use: Scroll            |       |       |    15 ||    15
       Potion            |       |       |     1 ||     1
 Stab: Sleeping          |     3 |     8 |     3 ||    14
Armor: Skin              |     2 |     1 |    22 ||    25
Dodge: Dodged            |    32 |    37 |   106 ||   175
Block: Buckler           |       |       |    12 ||    12
